 Dungeon Crawl Stone Soup version 0.31-a0-977-gc230f8ef24 (webtiles) character file.

Game seed: 10785524362692945256

70 tsujin the Ruffian (level 4, -16/30 (32) HPs)
             Began as a Demonspawn Shapeshifter on Oct 29, 2023.
             Demolished by Crazy Yiuf
             ... wielding a +3 quarterstaff of chaos
              (19 damage)
             ... on level 2 of the Dungeon.
             The game lasted 00:02:41 (1481 turns).

tsujin the Ruffian (Demonspawn Shapeshifter)        Turns: 1481, Time: 00:02:41

HP:   -16/30 (32)   AC:  2    Str: 16    XL:     4   Next: 3%
MP:   4/4           EV: 12    Int: 11    God:
Gold: 110           SH:  5    Dex: 16    Spells: 3/3 levels left

rFire   . .          .
                       - Unarmed
rCold   . . .        (no shield)
rNeg    . . .        a - +0 animal skin
rPois   .            (helmet currently unavailable)
rElec   .            (cloak currently unavailable)
rCorr   .            (gloves currently unavailable)
SInv    .            (boots currently unavailable)
Will    .....        g - amulet of Ramyzegua {Reflect Dex+3 SH+5}
Stlth   +            (no ring)
HPRegen 0.25/turn    (no ring)
MPRegen 0.18/turn

%: reflection
@: beast-form, drained
A: beast (slay +1), magic regeneration
a: Begin Untransformation


You were on level 2 of the Dungeon.
You were a hulking beast.
You visited 1 branch of the dungeon, and saw 2 of its levels.

You collected 110 gold pieces.

Inventory:

Armour
 a - a +0 animal skin (worn)
Jewellery
 g - the amulet of Ramyzegua (around neck) {Reflect Dex+3 SH+5}
   (You found it on level 2 of the Dungeon)

   [amulet of reflection]

   Reflect:   It reflects blocked missile attacks.
   Dex+3:     It affects your dexterity (+3).
   SH+5:      It affects your SH (+5).
Talismans
 c - a beast talisman
 d - a flux talisman
Scrolls
 f - 2 scrolls of fear
Potions
 b - a potion of lignification
 e - a potion of might {unknown}
 h - a potion of mutation {unknown}
 i - a potion of magic {unknown}


   Skills:
 + Level 1.0 Fighting
 - Level 1.7 Dodging
 + Level 4.5 Unarmed Combat
 + Level 2.6 Shapeshifting


You had 3 spell levels left.
You didn't know any spells.
Your spell library was empty.

Dungeon Overview and Level Annotations

Branches:
Dungeon (2/15)

Altars:

Annotations:
D:2 Crazy Yiuf


Innate Abilities, Weirdness & Mutations

You are a hulking beast.
Your limbs bulge with bestial killing power. (Slay +1)
You regenerate magic rapidly.


Message History

Key pressed, stopping explore.
No target in view!
No target in view!
No target in view!
No target in view!
No target in view!
Found a runed translucent door.
Crazy Yiuf shouts!
You now have 110 gold pieces (gained 14).
Items here: ( ) ÷÷÷÷.
There is a stone staircase leading up here.
There is a stone staircase leading down here.
Key pressed, stopping explore.
You see here a +0 flail.
Okay, then.
As you read the scroll labelled BASUGO NUOZ, it crumbles to dust.
You hear a loud clanging noise!
It was a scroll of noise.
Crazy Yiuf shouts!
You open the door.
Crazy Yiuf hits you with a +3 quarterstaff of chaos!
You feel drained.
There is an open translucent door here.
You take 13 damage, and have 19/30 hp.
MASSIVE DAMAGE!!
You are too injured to fight recklessly!
You are too injured to fight recklessly!
You are too injured to fight recklessly!
You hit Crazy Yiuf.
Crazy Yiuf is moderately wounded.
You closely miss Crazy Yiuf.
Crazy Yiuf is moderately wounded.
Crazy Yiuf barely misses you.
You hit Crazy Yiuf.
Crazy Yiuf is heavily wounded.
Crazy Yiuf hits you with a +3 quarterstaff of chaos!
Ouch! That really hurt!
* * * LOW HITPOINT WARNING * * *
You are electrocuted!!
Ouch! That really hurt!
You die...

#.###..###.#.#####..............
#...........## ###............
##..#.####..)# #############
##.#.# ##### #.#.# #.#.#######
##.#.....#.### ####
##.........#..##...#
#..#......####.hg..# #........##
###..)# #.#.#.#### #### #.#.#÷#
#.#.#.# #...#.# #############
#..#### #.##........# #..#
#.##........# #..# #<##...)..#.#


You could see Crazy Yiuf.

Vanquished Creatures
  2 adders (D:2)
  2 worms (D:2)
  2 ball pythons (D:1)
  3 endoplasms
  2 hobgoblins (D:1)
  8 jackals
  2 quokkas (D:2)
  5 bats
  A frilled lizard (D:2)
  4 goblins
  3 kobolds
  9 rats
43 creatures vanquished.

Notes
Turn   | Place    | Note
-------+----------+-------------------------------------------
     0 | D:1      | tsujin the Demonspawn Shapeshifter began the quest for the
                  | Orb.
     0 | D:1      | Reached XP level 1. HP: 15/15 MP: 1/1
    56 | D:1      | Reached skill level 3 in Unarmed Combat
   132 | D:1      | Gained mutation: You regenerate magic rapidly. [demonic
                  | ancestry]
   132 | D:1      | Reached XP level 2. HP: 20/21 MP: 2/2
   760 | D:2      | Identified the amulet of Ramyzegua {Reflect Dex+3 SH+5}
   777 | D:2      | Reached XP level 3. HP: 25/26 MP: 3/3
   859 | D:2      | Reached skill level 4 in Unarmed Combat
  1089 | D:2      | Found a faded altar of an unknown god.
  1105 | D:2      | Reached XP level 4. HP: 24/32 MP: 4/4
  1258 | D:2      | Found a runed translucent door.
  1259 | D:2      | Noticed Crazy Yiuf
  1481 | D:2      | Demolished by Crazy Yiuf

Illustrated notes

Levels and vault maps discovered:
D:1:      giann_wishing_wells, layout_loops_ring, minmay_pentomino_t2
D:2:      layout_loops_ring, hellmonk_ecumenical_altar_lost_god,
          uniq_crazy_yiuf_cottage

Skill      XL: |  1  2  3 |
---------------+----------+-----
Unarmed Combat | 3 4 |  4.5
Fighting       | |  1.0
Dodging        | |  1.7
Shapeshifting  | |  2.6

Action                     |  1- 3 |  4- 6 || total
---------------------------+-------+-------++-------
  Melee: Unarmed           |   116 |     6 ||   122
         Punch             |     3 |       ||     3
    Use: Scroll            |     4 |     1 ||     5
   Stab: Sleeping          |     2 |       ||     2
 Armour: Animal skin       |    45 |     2 ||    47
  Dodge: Dodged            |    58 |     3 ||    61
  Block: Other             |     9 |       ||     9

Table legend: (Time is in decaauts)
 A = Elapsed time spent in this place.
 B = Non-inter-level travel time spent in this place.
 C = Inter-level travel time spent in this place.
 D = Time resting spent in this place.
 E = Time spent auto-exploring this place.
 F = Levels seen in this place.
 G = Mean time per level.
                   A        B        C        D        E       F      G
               +--------+--------+--------+--------+--------+-----+--------+
         Total |   1473 |   1439 |     34 |      0 |   1188 |   2 |  736.5 |
       Dungeon |   1473 |   1439 |     34 |      0 |   1188 |   2 |  736.5 |
               +--------+--------+--------+--------+--------+-----+--------+

Top non-repeatable levels by time:
     D:2: 765 daAuts
     D:1: 707 daAuts
